 Dungeon Crawl Stone Soup version 0.30-a0-800-g7c544603b3 (webtiles) character file.

Game seed: 10732900497061708747

7123 sasquatch the Skirmisher (level 11, -6/86 HPs)
             Began as a Gnoll Hunter on Feb 21, 2023.
             Was an Initiate of Gozag.
             Mangled by a hornet (7 damage)
             ... while paralysed by a hornet
             ... on level 9 of the Dungeon.
             The game lasted 00:19:26 (8655 turns).

sasquatch the Skirmisher (Gnoll Hunter)             Turns: 8655, Time: 00:19:26

Health: -6/86      AC:  7    Str: 11    XL:     11   Next: 10%
Magic:  16/20      EV:  2    Int: 13    God:    Gozag
Gold:   1118       SH:  0    Dex: 26    Spells: 16/22 levels left

rFire   . . .      SeeInvis +    b - +6 scimitar "Pelitz" {speed, Int+5 SInv}
rCold   . . .      Faith    .    (no shield)
rNeg    . . .      Spirit   .    c - +0 leather armour
rPois   .          Reflect  .    D - +1 helmet
rElec   .          Harm     .    g - +0 cloak
rCorr   .          Rampage  .    (no gloves)
Will    .....                    (no boots)
Stlth   ++++                     (no amulet)
HPRegen 0.34/turn                B - ring of flight
MPRegen 0.17/turn                J - +6 ring of dexterity

@: paralysed, lethally poisoned (-6 -> -14), flying, very slightly contaminated,
slowed
A: fangs 1, strong nose, distributed training
a: Renounce Religion, Potion Petition, Call Merchant, Bribe Branch


You were on level 9 of the Dungeon.
You worshipped Gozag.
Gozag was most pleased with you.
You visited 2 branches of the dungeon, and saw 10 of its levels.

You collected 1183 gold pieces.
You paid 65 gold pieces to Gozag.

Inventory:

Hand Weapons
 a - a +0 shortbow
 b - the +6 scimitar "Pelitz" (weapon) {speed, Int+5 SInv}
   (You found it on level 7 of the Dungeon)

   Int:       It affects your intelligence (+5).
   SInv:      It lets you see invisible.
 e - a +1 whip of electrocution
 A - a +2 dagger of venom
 E - the +6 sling of Ebuop {heavy, rC- Str+4 Int+3}
   (You found it on level 7 of the Dungeon)

   Str:       It affects your strength (+4).
   Int:       It affects your intelligence (+3).
   rC:        It makes you vulnerable to cold.
 I - the +10 dagger of Indignation {pain, rPois Dex+3}
   (You found it on level 2 of the Dungeon)

   Dex:       It affects your dexterity (+3).
   rPois:     It protects you from poison.
 Q - the +7 great mace of Dissolution {venom, Int+3}
   (You took it off an ogre on level 5 of the Dungeon)

   Int:       It affects your intelligence (+3).
Missiles
 m - 29 poisoned darts
 p - 4 javelins
 P - 5 atropa-tipped darts
Armour
 c - a +0 leather armour (worn)
 g - a +0 cloak (worn)
 D - a +1 helmet (worn)
Magical Staves
 H - a staff of death
 L - a staff of conjuration
 M - a staff of death
Jewellery
 B - a ring of flight (left hand)
 J - a +6 ring of dexterity (right hand)
Wands
 x - a wand of mindburst (16)
 y - a wand of quicksilver (9)
 z - a wand of digging (3)
Scrolls
 d - a scroll of identify
 h - 4 scrolls of teleportation
 j - a scroll of fear
 l - 3 scrolls of immolation
 n - a scroll of fog
 q - a scroll of amnesia
 r - a scroll of blinking
 s - a scroll of enchant weapon {unknown}
 v - a scroll of poison
 w - a scroll of enchant armour {unknown}
 C - a scroll of magic mapping
 N - a scroll of vulnerability
 O - a scroll of silence {unknown}
Potions
 f - a potion of heal wounds
 i - 4 potions of brilliance
 k - a potion of attraction
 o - 2 potions of haste
 t - 2 potions of lignification
 u - 2 potions of curing
 K - 2 potions of flight
Miscellaneous
 F - a phantom mirror
 G - a phial of floods


   Skills:
 + Level 7.8 Fighting
 + Level 6.2 Short Blades
 + Level 6.2 Long Blades
 + Level 6.2 Axes
 + Level 6.2 Maces & Flails
 + Level 6.2 Polearms
 + Level 6.2 Staves
 + Level 10.5 Ranged Weapons
 + Level 6.2 Throwing
 + Level 6.2 Armour
 + Level 7.8 Dodging
 + Level 6.7 Stealth
 + Level 6.2 Shields
 + Level 6.2 Unarmed Combat
 + Level 6.2 Spellcasting
 + Level 5.1 Conjurations
 + Level 5.1 Hexes
 + Level 5.1 Summonings
 + Level 5.1 Necromancy
 + Level 5.1 Translocations
 + Level 5.1 Transmutations
 + Level 5.1 Fire Magic
 + Level 5.1 Ice Magic
 + Level 5.1 Air Magic
 + Level 5.1 Earth Magic
 + Level 5.1 Poison Magic
 + Level 6.8 Invocations
 + Level 6.2 Evocations


You had 16 spell levels left.
You knew the following spells:

 Your Spells              Type           Power      Damage    Failure   Level
a - Necrotise             Necr           68%        1d7       2%          1
b - Frozen Ramparts       Ice            34%        1d6       8%          3
c - Wereblood             Tmut           17%        N/A       3%          2

Your spell library contained the following spells:

 Spells                   Type           Power      Damage    Failure   Level
 Beastly Appendage        Tmut           34%        N/A       2%          1
 Freeze                   Ice            68%        1d8       2%          1
 Magic Dart               Conj           68%        1d6       2%          1
 Searing Ray              Conj           34%        2d5       3%          2
 Hailstorm                Conj/Ice       17%        3d6       8%          3
 Spider Form              Tmut/Pois      17%        N/A       8%          3
 Vampiric Draining        Necr           17%        2d7       8%          3
 Fulminant Prism          Conj/Hex       8%         3d6       26%         4
 Agony                    Necr           17%        N/A       56%         5


Dungeon Overview and Level Annotations

Branches:
Dungeon (9/15)             Temple (1/1) D:5
   Lair: D:8-11         Orc: D:9-12

Altars:
Ashenzari
Cheibriados
Elyvilon
Fedhas
Gozag
Hepliaklqana
Makhleb
Nemelex Xobeh
Okawaru
Qazlal
Ru
Sif Muna
Trog
Uskayaw
Vehumet
Wu Jian
Xom
Yredelemnul
Zin

Shops:
D:2 (

Annotations:
D:6 3 runed translucent doors, cheesebisquit's ghost, novice MiHu


Innate Abilities, Weirdness & Mutations

You have very sharp teeth.
Your uncanny sense of smell can sniff out nearby items.
Your experience applies equally to all skills.


Message History

The frozen ramparts melt away.
You feel very sick. The hornet completely misses you.
You slash the hornet!
The hornet is almost dead.
You feel very sick. The hornet stings you.
You are more poisoned.
You feel as though you will be slow longer.
The hornet misses you.
You are too injured to fight recklessly!
You feel extremely sick. The hornet stings you!
* * * LOW HITPOINT WARNING * * *
You feel as though you will be slow longer.
The hornet completely misses you.
Unknown command.
Casting: Frozen Ramparts (dangerous; 8% risk of failure)
Confirm with . or Enter, or press ? or * to list all spells.
Casting: Frozen Ramparts (dangerous; 8% risk of failure)
Press: ? - help, Dir - look around, f - activate You miscast Frozen Ramparts.
You are very lightly contaminated with residual magic.
Nothing appears to happen.
You feel very sick. The hornet stings you!
* * * LOW HITPOINT WARNING * * *
You feel as though you will be slow longer.
The hornet barely misses you.
You feel better. The hornet stings you.
* * * LOW HITPOINT WARNING * * *
You are lethally poisoned!
You suddenly lose the ability to move!
The hornet stings you.
* * * LOW HITPOINT WARNING * * *
You feel as though you will be slow longer.
* * * LOW HITPOINT WARNING * * *
You feel very sick. The hornet stings you!
You die...
Your body crumbles into a pile of gold.

# ###.# ..!
######
#####y##.#
.....#
#...@....#
####.#
#.###.#.##
####.########.#
=#
#.............#
..
#.##.##########
### #.##.#
.....# #.####
..#


You could see a hornet.

Vanquished Creatures
  3 two-headed ogres
  The ghost of asti the Cleaver, a novice MiBe of Trog (D:5)
  Pikel (D:5)
  A troll (D:8)
  A wraith (D:7)
  4 yaks
  A wyvern (D:8)
  A steam dragon (D:7)
  An acid dragon (D:9)
  A water moccasin (D:7)
  An orc warrior (D:7)
  2 ogres
  2 centaurs (D:7)
  The ghost of Sleet the Insei, an amateur DsMo (D:3)
  A phantom (D:5)
  5 kobold brigands
  2 bullfrogs (D:7)
  2 necrophages
  5 scorpions
  4 wights (D:6)
  3 killer bees
  An electric eel (D:7)
  6 howler monkeys
  5 hounds
  5 jellies
  2 orc priests
  3 gnoll boudas
  5 iguanas
  Natasha (D:2)
  2 orc wizards
  13 gnolls
  9 adders
  2 white imps
  A spectral adder (D:2)
  An ufetubus (D:5)
  An adder zombie (D:2)
  An adder skeleton (D:2)
  3 worms
  2 dart slugs (D:1)
  The ghost of Flucuise the Sneak, a weakling KoBr (D:3)
  16 orcs
  4 bats (D:1)
  A bat zombie (D:2)
  8 endoplasms
  2 giant cockroaches
  4 goblins
  3 hobgoblins
  9 jackals
  7 quokkas
  6 ball pythons
  29 kobolds
  A quokka zombie (D:2)
  4 rats
  A spectral giant cockroach (D:2)
202 creatures vanquished.

Vanquished Creatures (others)
  An orc (D:7)
  15 withered plants (D:2)
16 creatures vanquished.

Grand Total: 218 creatures vanquished

Notes
Turn   | Place    | Note
-------+----------+-------------------------------------------
     0 | D:1      | sasquatch the Gnoll Hunter began the quest for the Orb.
     0 | D:1      | Reached XP level 1. HP: 20/20 MP: 1/1
    96 | D:1      | Reached XP level 2. HP: 26/26 MP: 2/2
   341 | D:1      | Reached XP level 3. HP: 31/31 MP: 3/3
   477 | D:2      | Found Usa Iwigg's Weapon Boutique.
   506 | D:2      | Reached skill level 1 in Invocations
   535 | D:2      | Found a sacrificial altar of Ru.
   705 | D:2      | Reached skill level 1 in Short Blades
   705 | D:2      | Reached skill level 1 in Long Blades
   705 | D:2      | Reached skill level 1 in Axes
   705 | D:2      | Reached skill level 1 in Maces & Flails
   705 | D:2      | Reached skill level 1 in Polearms
   705 | D:2      | Reached skill level 1 in Staves
   705 | D:2      | Reached skill level 1 in Throwing
   705 | D:2      | Reached skill level 1 in Armour
   705 | D:2      | Reached skill level 1 in Shields
   705 | D:2      | Reached skill level 1 in Unarmed Combat
   705 | D:2      | Reached skill level 1 in Spellcasting
   705 | D:2      | Reached skill level 1 in Evocations
   739 | D:2      | Reached XP level 4. HP: 38/38 MP: 5/5
   847 | D:2      | Noticed Natasha
   872 | D:2      | Reached skill level 1 in Conjurations
   872 | D:2      | Reached skill level 1 in Hexes
   872 | D:2      | Reached skill level 1 in Summonings
   872 | D:2      | Reached skill level 1 in Necromancy
   872 | D:2      | Reached skill level 1 in Translocations
   872 | D:2      | Reached skill level 1 in Transmutations
   872 | D:2      | Reached skill level 1 in Fire Magic
   872 | D:2      | Reached skill level 1 in Ice Magic
   872 | D:2      | Reached skill level 1 in Air Magic
   872 | D:2      | Reached skill level 1 in Earth Magic
   872 | D:2      | Reached skill level 1 in Poison Magic
   878 | D:2      | Killed Natasha
   919 | D:2      | Identified the +10 dagger of Indignation {pain, rPois
                  | Dex+3}
   926 | D:2      | Learned a level 1 spell: Necrotise
   955 | D:3      | Reached XP level 5. HP: 43/43 MP: 7/7
  1337 | D:3      | Found a runed translucent gate.
  1338 | D:3      | Found a runed translucent gate.
  1339 | D:3      | Found a runed translucent gate.
  1339 | D:3      | Noticed Flucuise's ghost (weakling KoBr)
  1339 | D:3      | Noticed Sleet's ghost (amateur DsMo)
  1862 | D:4      | Reached XP level 6. HP: 43/50 MP: 8/8
  2107 | D:4      | Reached skill level 5 in Fighting
  2107 | D:4      | Reached skill level 5 in Dodging
  2407 | D:5      | Entered Level 5 of the Dungeon
  2713 | D:5      | Found a staircase to the Ecumenical Temple.
  2724 | D:5      | Reached XP level 7. HP: 56/56 MP: 10/10
  2739 | Temple   | Entered the Ecumenical Temple
  2917 | Temple   | Became a worshipper of Gozag Ym Sagoz the Greedy
  3121 | D:5      | Reached skill level 9 in Ranged Weapons
  3127 | D:5      | Noticed Pikel
  3132 | D:5      | Killed Pikel
  3133 | D:5      | Reached XP level 8. HP: 29/64 MP: 10/12
  3610 | D:5      | Found a shimmering altar of Xom.
  3714 | D:5      | Found a transporter.
  3715 | D:5      | Noticed asti's ghost (novice MiBe)
  3716 | D:5      | Identified the +7 great mace of Dissolution {venom, Int+3}
  3718 | D:5      | Found a transporter.
  3872 | D:6      | Found an iron altar of Okawaru.
  3885 | D:6      | Found a sparkling altar of Nemelex Xobeh.
  3897 | D:6      | Found a blossoming altar of Fedhas.
  3902 | D:6      | Found a white marble altar of Elyvilon.
  3916 | D:6      | Found a basalt altar of Yredelemnul.
  3923 | D:6      | Found a shimmering blue altar of Sif Muna.
  3929 | D:6      | Found a burning altar of Makhleb.
  4824 | D:6      | Reached XP level 9. HP: 67/69 MP: 13/15
  5003 | D:6      | Found a runed translucent gate.
  5003 | D:6      | Found a runed translucent gate.
  5003 | D:6      | Found a runed translucent gate.
  5019 | D:6      | Noticed cheesebisquit's ghost (novice MiHu)
  5151 | D:3      | Killed Flucuise's ghost
  5163 | D:3      | Killed Sleet's ghost
  5559 | D:7      | Reached skill level 5 in Stealth
  5770 | D:7      | Reached skill level 5 in Invocations
  5837 | D:7      | Noticed a two-headed ogre
  5854 | D:7      | Killed a two-headed ogre
  5883 | D:7      | Noticed a two-headed ogre
  5890 | D:7      | Killed a two-headed ogre
  5891 | D:7      | Reached skill level 5 in Short Blades
  5891 | D:7      | Reached skill level 5 in Long Blades
  5891 | D:7      | Reached skill level 5 in Axes
  5891 | D:7      | Reached skill level 5 in Maces & Flails
  5891 | D:7      | Reached skill level 5 in Polearms
  5891 | D:7      | Reached skill level 5 in Staves
  5891 | D:7      | Reached skill level 10 in Ranged Weapons
  5891 | D:7      | Reached skill level 5 in Throwing
  5891 | D:7      | Reached skill level 5 in Armour
  5891 | D:7      | Reached skill level 5 in Shields
  5891 | D:7      | Reached skill level 5 in Unarmed Combat
  5891 | D:7      | Reached skill level 5 in Spellcasting
  5891 | D:7      | Reached skill level 5 in Evocations
  5891 | D:7      | Reached XP level 10. HP: 34/79 MP: 17/17
  6054 | D:7      | Identified the +6 sling of Ebuop {heavy, rC- Str+4 Int+3}
  6069 | D:7      | Identified the +6 scimitar "Pelitz" {speed, Int+5 SInv}
  6071 | D:7      | Identified the ring "Casisul" {rC- Str+4 SInv}
  7286 | D:8      | Learned a level 3 spell: Frozen Ramparts
  7289 | D:8      | Learned a level 2 spell: Wereblood
  7638 | D:8      | Noticed a two-headed ogre
  7661 | D:8      | Killed a two-headed ogre
  8159 | D:5      | Killed asti's ghost
  8160 | D:5      | Reached skill level 5 in Conjurations
  8160 | D:5      | Reached skill level 5 in Hexes
  8160 | D:5      | Reached skill level 5 in Summonings
  8160 | D:5      | Reached skill level 5 in Necromancy
  8160 | D:5      | Reached skill level 5 in Translocations
  8160 | D:5      | Reached skill level 5 in Transmutations
  8160 | D:5      | Reached skill level 5 in Fire Magic
  8160 | D:5      | Reached skill level 5 in Ice Magic
  8160 | D:5      | Reached skill level 5 in Air Magic
  8160 | D:5      | Reached skill level 5 in Earth Magic
  8160 | D:5      | Reached skill level 5 in Poison Magic
  8433 | D:9      | Reached XP level 11. HP: 63/85 MP: 14/20
  8441 | D:9      | Noticed a cyclops
  8654 | D:9      | Paralysed by a hornet for 3 turns
  8654 | D:9      | HP: 4/86 [hornet (6)]
  8655 | D:9      | HP: 1/86 [poisoned by a hornet]
  8655 | D:9      | Mangled by a hornet

Illustrated notes

Levels and vault maps discovered:
D:1:      minmay_arrival_arboretum_large, layout_basic, chequers_arboretum
D:2:      layout_rooms, serial_shops, nicolae_shop_bloodbath_and_beyond,
          basic_altar, dilly_guarded_unrand_morg
D:3:      layout_basic, gammafunk_ghost_cemetery, kennysheep_flooded_box
D:4:      layout_loops_cross
D:5:      layout_loops_ring, mainiacjoe_overflow_alcove_2,
          minmay_temple_entry_waves, gammafunk_ghost_smash,
          chequers_serial_rivers_large_a, wad_floor_pattern_1,
          roderic_serpentine_path, uniq_pikel
D:6:      layout_rooms, grunt_temple_overflow_octagram,
          gammafunk_ghost_necromancy, hangedman_abyss_or_decor_stagger
D:7:      minmay_the_grid_triangle_9x9_rhombus_full
          [minmay_the_grid_triangle_9x9_stretched_checkered,
          minmay_the_grid_triangle_9x9_impossible_snake,
          minmay_the_grid_triangle_9x9_minimal,
          minmay_the_grid_triangle_9x9_limited_checkers,
          minmay_the_grid_triangle_9x9_checkered,
          minmay_the_grid_triangle_9x9_corrupted_corridor,
          minmay_the_grid_triangle_9x9_zippers_horizontal,
          minmay_the_grid_triangle_9x9_prize_insulated], layout_layer_cave,
          nrook_pool_corridor
D:8:      layout_rooms, minmay_misc_feat_cross, kennysheep_generic_room_16
D:9:      layout_basic, mainiacjoe_overflow_boulevard, kiku_gazebo_pond_becter,
          ebering_ghost_disaster_area, uniq_erica
Temple:   nicolae_temple_bog_church

Skill      XL: |  1  2  3  4  5  6  7  8  9 10 |
---------------+-------------------------------+-----
Invocations    | 1 2 3 4 5 6 |  6.8
Short Blades   | 1 2 3 4 5 6 |  6.2
Long Blades    | 1 2 3 4 5 6 |  6.2
Axes           | 1 2 3 4 5 6 |  6.2
Maces & Flails | 1 2 3 4 5 6 |  6.2
Polearms       | 1 2 3 4 5 6 |  6.2
Staves         | 1 2 3 4 5 6 |  6.2
Throwing       | 1 2 3 4 5 6 |  6.2
Armour         | 1 2 3 4 5 6 |  6.2
Shields        | 1 2 3 4 5 6 |  6.2
Unarmed Combat | 1 2 3 4 5 6 |  6.2
Spellcasting   | 1 2 3 4 5 6 |  6.2
Evocations     | 1 2 3 4 5 6 |  6.2
Conjurations   | 1 2 3 4 5 |  5.1
Hexes          | 1 2 3 4 5 |  5.1
Summonings     | 1 2 3 4 5 |  5.1
Necromancy     | 1 2 3 4 5 |  5.1
Translocations | 1 2 3 4 5 |  5.1
Transmutations | 1 2 3 4 5 |  5.1
Fire Magic     | 1 2 3 4 5 |  5.1
Ice Magic      | 1 2 3 4 5 |  5.1
Air Magic      | 1 2 3 4 5 |  5.1
Earth Magic    | 1 2 3 4 5 |  5.1
Poison Magic   | 1 2 3 4 5 |  5.1
Stealth        | 3 4 5 6 |  6.7
Fighting       | 5 6 7 |  7.8
Dodging        | 5 6 7 |  7.8
Ranged Weapons | 9 10 | 10.5

Action                     |  1- 3 |  4- 6 |  7- 9 | 10-12 || total
---------------------------+-------+-------+-------+-------++-------
  Melee: Dagger            |       |     4 |   128 |    32 ||   164
         Bite              |       |       |    10 |    18 ||    28
         Punch             |       |       |     3 |     5 ||     8
         Scimitar          |       |       |       |    68 ||    68
   Fire: Shortbow          |    73 |   167 |   142 |   114 ||   496
   Cast: Frozen Ramparts   |       |       |       |    10 ||    10
         Wereblood         |       |       |       |     1 ||     1
  Evoke: Wand              |       |       |     7 |       ||     7
    Use: Potion            |       |       |     4 |     3 ||     7
         Scroll            |       |       |     8 |     6 ||    14
   Stab: Distracted        |       |       |     1 |     1 ||     2
         Sleeping          |       |       |     1 |       ||     1
 Armour: Leather armour    |     2 |    10 |    17 |    16 ||    45
  Dodge: Dodged            |    12 |    39 |   126 |   111 ||   288

Table legend: (Time is in decaauts)
 A = Elapsed time spent in this place.
 B = Non-inter-level travel time spent in this place.
 C = Inter-level travel time spent in this place.
 D = Time resting spent in this place.
 E = Time spent auto-exploring this place.
 F = Levels seen in this place.
 G = Mean time per level.
                   A        B        C        D        E       F      G
               +--------+--------+--------+--------+--------+-----+--------+
         Total |   8647 |   7970 |    677 |    661 |   5851 |  10 |  864.7 |
       Dungeon |   8449 |   7792 |    657 |    661 |   5691 |   9 |  938.8 |
        Temple |    197 |    177 |     20 |      0 |    159 |   1 |  197.0 |
               +--------+--------+--------+--------+--------+-----+--------+

Top non-repeatable levels by time:
     D:7: 1805 daAuts
     D:5: 1593 daAuts
     D:6: 1391 daAuts
     D:3: 940 daAuts
     D:8: 930 daAuts
     D:4: 736 daAuts
     D:2: 489 daAuts
     D:1: 475 daAuts
  Temple: 197 daAuts
     D:9: 88 daAuts
